 Dungeon Crawl Stone Soup version 0.30.1-9-gdf580d7c3d (webtiles) character file.

Game seed: 6597506776311556680

11 Raikaria the Stinger (level 2, 16/16 HPs)
             Began as a Kobold Venom Mage on Sept 26, 2023.
             Got out of the dungeon alive.
             The game lasted 00:01:38 (226 turns).

Raikaria the Stinger (Kobold Venom Mage)             Turns: 226, Time: 00:01:39

Health: 16/16      AC:  2    Str:  5    XL:     2   Next: 35%
Magic:  5/5        EV: 15    Int: 16    God:
Gold:   0          SH:  0    Dex: 15    Spells: 4/5 levels left

rFire   . . .        c - +0 dagger
rCold   . . .        (no shield)
rNeg    . . .        a - +0 robe
rPois   .            (no helmet)
rElec   .            (no cloak)
rCorr   .            (no gloves)
SInv    .            (no boots)
Will    .....        (no amulet)
Stlth   +++          (no ring)
HPRegen 0.22/turn    (no ring)
MPRegen 0.09/turn

%: no passive effects
@: no status effects
A: small, no large weapons, nightstalker 3
a: no special abilities


You escaped.
You visited 1 branch of the dungeon, and saw 2 of its levels.

Inventory:

Hand Weapons
 c - a +0 dagger (weapon)
Armour
 a - a +0 robe (worn)
Potions
 b - a potion of magic
 d - a potion of might {unknown}


   Skills:
 * Level 1.1 Fighting
 - Level 2.4 Dodging
 - Level 2.6 Stealth
 + Level 2.3 Spellcasting
 - Level 1.0 Transmutations
 + Level 3.2 Poison Magic


You had 4 spell levels left.
You knew the following spells:

 Your Spells              Type           Power      Damage    Failure   Level
a - Sting                 Tmut/Pois      32%        1d4       9%          1

Your spell library contained the following spells:

 Spells                   Type           Power      Damage    Failure   Level
 Poisonous Vapours        Pois/Air       14%        N/A       16%         2
 Mephitic Cloud           Conj/Pois/Air  5%         N/A       36%         3
 Olgreb's Toxic Radiance  Pois           12%        N/A       45%         4


Dungeon Overview and Level Annotations

Branches:
Dungeon (2/15)

Altars:


Innate Abilities, Weirdness & Mutations

You are small and have problems with some larger weapons.
You are completely attuned to the shadows.


Message History

A ball python comes into view.
The ball python hisses angrily.
You hit the ball python.
You kill the ball python!
Your Fighting skill increases to level 1!
Found a stone staircase leading down.
There is a stone staircase leading down here.
You climb downwards.
There is a stone staircase leading up here.
You climb upwards.
There is a stone staircase leading down here.
A kobold comes into view. It is wielding a +0 dagger.
Found a red potion.
d - a red potion A giant cockroach comes into view.
Found a stone staircase leading down.
The helpless kobold fails to defend itself.
You puncture the kobold!
You kill the kobold!
You hit the giant cockroach.
The giant cockroach is moderately wounded.
The giant cockroach misses you.
You hit the giant cockroach.
The giant cockroach is heavily wounded.
The giant cockroach misses you.
You hit the giant cockroach.
You kill the giant cockroach!
Things that are here:
a +0 dagger; a giant cockroach corpse
There is a stone staircase leading down here.
You climb downwards.
There is a stone staircase leading up here.
You climb upwards.
There is a stone staircase leading down here.
Things that are here:
a +0 dagger; a giant cockroach corpse
There is a stone staircase leading down here.
There is a staircase leading out of the dungeon here.
Are you sure you want to leave the Dungeon?
This will make you lose the game!
You have escaped!

#.#.# #.#.# ####.#.#
###.# ###..†...## ....#
#. ##.K.......# #.#.#
#.##..#####...# #.#.#
#.#.(#.....#..#####.#.#
#...#...[...#.........###
#..#....@....#..##.......
#)..#.......#..###...####
......#.....#..## ##.## #
###.....#####..## #.# #
####........## #.# #
#.########## #.# #.
#...#####>#####
#.#.#........†.
#.#...#####....


There were no monsters in sight!

Vanquished Creatures
  A bat (D:1)
  A giant cockroach (D:1)
  A goblin (D:1)
  A hobgoblin (D:1)
  2 ball pythons (D:1)
  4 kobolds (D:1)
  A rat (D:1)
11 creatures vanquished.

Notes
Turn   | Place    | Note
-------+----------+-------------------------------------------
     0 | D:1      | Raikaria the Kobold Venom Mage began the quest for the Orb.
     0 | D:1      | Reached XP level 1. HP: 10/10 MP: 3/3
   146 | D:1      | Reached XP level 2. HP: 15/16 MP: 5/5
   159 | D:1      | Reached skill level 1 in Fighting
   226 | D:$      | Got out of the dungeon alive.

Illustrated notes

Levels and vault maps discovered:
D:1:      scummos_arrival_hexagon, layout_loops_ring, serial_co_window_serial,
          co_window_paths_b, co_window_corner_a, co_window_paths_a,
          co_window_paths_b, co_window_of_opportunity_a,
          co_window_of_opportunity_b, co_window_unsneaky_path_d,
          co_window_corner_b, co_window_paths_c, co_window_2corner,
          co_window_corner_cb, glass_columns_c, glass_columns_a,
          glass_columns_b, glass_columns_c, glass_columns_a, st_stairs_12,
          minmay_pentomino_u4
D:2:      layout_basic, ebering_ecumenical_altar_petrified, st_stairs_3,
          hangedman_abyss_or_decor_stabs

Skill      XL: |  1  2 |
---------------+-------+-----
Fighting       | 1 |  1.1
Dodging        | |  2.4
Stealth        | |  2.6
Spellcasting   | |  2.3
Transmutations | |  1.0
Poison Magic   | |  3.2

Action                     || total
---------------------------++-------
  Melee: Dagger            ||    16
         Punch             ||     1
   Cast: Sting             ||     6
   Stab: Sleeping          ||     3
 Armour: Robe              ||     2
  Dodge: Dodged            ||    20
